 Dungeon Crawl Stone Soup version 0.30.1-4-g462c640d31 (webtiles) character file.

Game seed: 141822507318871055

19761 spardeous the Destroyer (level 12, 0/96 HPs)
             Began as a Demigod Conjurer on Aug 14, 2023.
             Shot with an arrow by a centaur warrior (10 damage)
             ... on level 13 of the Dungeon.
             The game lasted 00:25:59 (19119 turns).

spardeous the Destroyer (Demigod Conjurer)         Turns: 19119, Time: 00:26:00

Health: 0/96       AC: 11    Str: 22    XL:     12   Next: 11%
Magic:  28/30      EV: 12    Int: 30    God:
Gold:   707        SH:  6    Dex: 20    Spells: 18/31 levels left

rFire   . . .        J - +6 spear (freeze)
rCold   . . .        K - +0 buckler
rNeg    . . .        r - +3 ring mail of Delightful Surprise {Fly Dex+4}
rPois   .            v - +2 hat {SInv}
rElec   .            p - +0 cloak
rCorr   .            (no gloves)
SInv    +            (no boots)
Will    +....        (no amulet)
Stlth   ++           c - +6 ring of strength
HPRegen 0.36/turn    j - +6 ring of intelligence
MPRegen 0.22/turn

%: no passive effects
@: flying, studying Throwing
A: high MP 1, forlorn, divine attributes
a: no special abilities


You were on level 13 of the Dungeon.
You visited 1 branch of the dungeon, and saw 13 of its levels.

You collected 777 gold pieces.
You spent 70 gold pieces at shops.

Inventory:

Hand Weapons
 A - a +0 heavy hand axe
 J - a +6 spear of freezing (weapon)
 L - a +9 sling
Armour
 e - a +2 helmet
 p - a +0 cloak (worn)
 r - the +3 ring mail of Delightful Surprise (worn) {Fly Dex+4}
   (You found it on level 2 of the Dungeon)

   Dex:       It affects your dexterity (+4).
   Fly:       It grants you flight.
 v - a +2 hat of see invisible (worn)
 w - a +0 kite shield
 K - a +0 buckler (worn)
Jewellery
 c - a +6 ring of strength (left hand)
 h - a ring of protection from cold
 j - a +6 ring of intelligence (right hand)
 y - a ring of willpower
 E - a ring of protection from cold
 R - a ring of see invisible
Wands
 a - a wand of iceblast (12)
 B - a wand of flame (51)
 G - a wand of charming (22)
 P - a wand of light (5)
Scrolls
 k - 3 scrolls of vulnerability
 n - 5 scrolls of silence
 o - 3 scrolls of poison
 q - a scroll of enchant armour
 s - 3 scrolls of teleportation
 u - a scroll of immolation
 x - 4 scrolls of magic mapping {unknown}
 C - 2 scrolls of torment
 D - a scroll of fear
 F - 2 scrolls of butterflies
 N - 7 scrolls of identify
 S - 2 scrolls of blinking {unknown}
Potions
 b - 2 potions of flight {unknown}
 d - 3 potions of might {unknown}
 f - 2 potions of brilliance
 g - a potion of magic
 i - 2 potions of heal wounds {unknown}
 l - a potion of haste
 m - 2 potions of cancellation
 t - 4 potions of attraction {unknown}
 z - a potion of ambrosia {unknown}
 H - a potion of resistance
 I - 2 potions of degeneration {unknown}
 M - 4 potions of curing
 O - 2 potions of invisibility {unknown}
 Q - a potion of mutation {unknown}


   Skills:
 - Level 6.2 Fighting
 + Level 3.2 Dodging
 - Level 1.7 Stealth
 + Level 3.8 Shields
 - Level 10.0 Spellcasting
 - Level 10.2 Conjurations
 - Level 10.1 Translocations


You had 18 spell levels left.
You knew the following spells:

 Your Spells              Type           Power      Damage    Failure   Level
a - Magic Dart            Conj           100%       1d8       1%          1
b - Searing Ray           Conj           100%       2d8       1%          2
c - Iskenderun's Mystic   Conj/Tloc      66%        2d14      1%          4
d - Sublimation of Blood  Necr           15%        N/A       11%         2
e - Petrify               Tmut/Erth      15%        N/A       56%         4

Your spell library contained the following spells:

 Spells                   Type           Power      Damage    Failure   Level
 Foxfire                  Conj/Fire      100%       2x1d9     1%          1
 Passage of Golubria      Tloc           66%        N/A       1%          4
 Dazzling Flash           Conj/Hex       90%        N/A       2%          3
 Summon Small Mammal      Summ           60%        N/A       7%          1
 Flame Wave               Conj/Fire      45%        2d12      9%          4
 Fulminant Prism          Conj/Hex       22%        3d12      9%          4
 Sticky Flame             Conj/Fire      45%        2d6       9%          4
 Call Canine Familiar     Summ           15%        N/A       21%         3
 Inner Flame              Hex/Fire       15%        N/A       21%         3
 Summon Guardian Golem    Hex/Summ       15%        N/A       21%         3
 Tukima's Dance           Hex            15%        N/A       21%         3
 Fireball                 Conj/Fire      22%        3d10      24%         5
 Irradiate                Conj/Tmut      22%        3d19      24%         5
 Animate Dead             Necr           15%        N/A       56%         4
 Leda's Liquefaction      Hex/Erth       7%         N/A       56%         4
 Starburst                Conj/Fire      22%        6d8       78%         6
 Agony                    Necr           15%        N/A       88%         5
 Lee's Rapid Deconstruct  Erth           7%         3d7*      88%         5
 Silence                  Hex/Air        7%         N/A       88%         5
 Yara's Violent Unravell  Hex/Tmut       7%         3d5       88%         5
 Plasma Beam              Fire/Air       7%         2x1d20    100%        6
 Statue Form              Tmut/Erth      10%        N/A       100%        6
 Haunt                    Necr/Summ      7%         N/A       100%        7
 Infestation              Necr           7%         N/A       100%        8


Dungeon Overview and Level Annotations

Branches:
Dungeon (13/15)            Temple (0/1) D:6            Lair (0/5) D:11
    Orc (0/2) D:9
 Vaults: D:13-14

Shops:
D:3 ?   D:7 **

Annotations:
D:12 2 transporters, Jingleheimer's ghost, journeyman OpTm


Innate Abilities, Weirdness & Mutations

You have an increased reservoir of magic. (+10% MP)
You shall have no god before yourself.
Your divine heritage dramatically boosts your attributes as you level up.


Message History

You take 14 damage, and have 82/96 hp.
Casting: Iskenderun's Mystic Blast (mildly dangerous; 1% risk of failure)
Confirm with . or Enter, or press ? or * to list all spells.
You erupt in a blast of force!
The mystic blast hits the centaur warrior!
The centaur warrior is moderately wounded.
The centaur warrior is knocked back by the mystic blast.
The mystic blast hits the centaur!
The centaur is heavily wounded.
The centaur is knocked back by the mystic blast.
The centaur slams into the crystal wall!
The centaur is almost dead.
The centaur shoots an arrow.
The arrow hits you!
The centaur shoots an arrow.
The arrow misses you.
The centaur warrior shoots an arrow.
The arrow completely misses you.
A centaur comes into view.
The centaur shoots an arrow.
The arrow hits you! The arrow freezes you.
You take 26 damage, and have 56/96 hp.
MASSIVE DAMAGE!!
You now have 26/30 mp.
The centaur shoots an arrow.
The arrow misses you.
The centaur shoots an arrow.
You block the arrow.
The centaur shoots an arrow.
The arrow hits you.
You take 1 damage, and have 56/96 hp.
The centaur wields a +0 shortbow.
The centaur shoots an arrow.
The arrow hits you!
You see here a +0 spear.
You take 7 damage, and have 49/96 hp.
Okay, then.
As you read the scroll of fear, it crumbles to dust.
You assume a fearsome visage.
The centaur warrior resists with some effort.
The centaur looks frightened! x2
The centaur warrior shoots an arrow.
The arrow hits you.
You take 4 damage, and have 46/96 hp.
The centaur warrior shoots an arrow.
The arrow hits you!!
* * * LOW HITPOINT WARNING * * *
The centaur warrior shoots an arrow.
The arrow hits you!
* * * LOW HITPOINT WARNING * * *
You take 41 damage, and have 5/96 hp.
MASSIVE DAMAGE!!
You feel better.
The centaur warrior shoots an arrow.
The arrow hits you!
You die...

........##
.######..# ##
##.##### #
#.#...###
#...#...####
########....##
#c.c#######..##
+c.cc...####..#
#...###)..@.#.#
### #.c.
#####.#.# ..#
##.c #...# ..+
.#. ##### ..#
#..# ..# # .
...# . +###


You could see a centaur warrior and 2 centaurs.

Vanquished Creatures
  Gastronok (D:8)
  A centaur warrior (D:11)
  4 two-headed ogres
  Sonja (D:11)
  Pikel (D:8)
  A deep elf pyromancer (D:12)
  3 manticores
  Maurice (D:11)
  Joseph (D:7)
  A gargoyle (D:11)
  Maggie (D:6)
  Psyche (D:8)
  An unseen horror (D:12)
  2 komodo dragons
  2 hornets
  5 trolls
  2 vampires (D:12)
  A wraith (D:12)
  3 wyverns
  15 yaks
  2 steam dragons
  4 vampire mosquitoes (D:12)
  An acid dragon (D:9)
  2 water moccasins
  10 orc warriors
  3 ice beasts
  3 sky beasts
  3 black bears
  2 ogres
  4 centaurs
  4 lemures (D:8)
  2 phantoms
  4 kobold brigands
  4 bullfrogs
  4 scorpions
  2 gnoll sergeants
  A wight (D:6)
  7 killer bees
  5 howler monkeys
  An electric eel (D:9)
  3 jellies
  A gnoll bouda (D:7)
  6 hounds
  7 orc priests
  Crazy Yiuf (D:3)
  A sleepcap (D:7)
  5 iguanas
  23 orc wizards
  11 gnolls
  An adder (D:2)
  2 shadow imps
  4 white imps
  2 worms
  4 dart slugs
  41 orcs
  5 bats
  8 endoplasms
  7 giant cockroaches
  4 goblins
  3 hobgoblins
  11 jackals
  2 quokkas
  4 ball pythons
  3 frilled lizards
  25 kobolds
  4 rats
304 creatures vanquished.

Notes
Turn   | Place    | Note
-------+----------+-------------------------------------------
     0 | D:1      | spardeous the Demigod Conjurer began the quest for the Orb.
     0 | D:1      | Reached XP level 1. HP: 14/14 MP: 5/5
   356 | D:1      | Reached XP level 2. HP: 20/20 MP: 7/7
  1118 | D:2      | Learned a level 2 spell: Searing Ray
  1128 | D:2      | Reached XP level 3. HP: 26/26 MP: 4/9
  1849 | D:2      | Identified the +3 ring mail of Delightful Surprise {Fly
                  | Dex+4}
  2319 | D:3      | Found Dumoahauco's Magic Scroll Emporium.
  2327 | D:3      | Bought a scroll of identify for 20 gold pieces
  2327 | D:3      | Bought a scroll of teleportation for 30 gold pieces
  2327 | D:3      | Bought a scroll of identify for 20 gold pieces
  2442 | D:3      | Found a runed translucent door.
  2445 | D:3      | Noticed Crazy Yiuf
  2751 | D:3      | Reached XP level 4. HP: 33/33 MP: 5/11
  3591 | D:4      | Reached skill level 5 in Conjurations
  3591 | D:4      | Reached XP level 5. HP: 31/38 MP: 2/13
  4154 | D:4      | Learned a level 4 spell: Iskenderun's Mystic Blast
  4560 | D:5      | Entered Level 5 of the Dungeon
  4647 | D:5      | Reached XP level 6. HP: 45/45 MP: 8/15
  5354 | D:5      | Reached skill level 1 in Translocations
  5354 | D:5      | Reached XP level 7. HP: 46/50 MP: 11/17
  6021 | D:6      | Found a staircase to the Ecumenical Temple.
  6047 | D:6      | Reached skill level 5 in Spellcasting
  6383 | D:6      | Reached XP level 8. HP: 57/57 MP: 12/20
  6486 | D:6      | Noticed Maggie
  6558 | D:6      | Killed Maggie
  7441 | D:7      | Noticed Joseph
  8026 | D:7      | Reached skill level 5 in Translocations
  8026 | D:7      | Reached XP level 9. HP: 55/62 MP: 20/25
  8277 | D:6      | Learned a level 2 spell: Sublimation of Blood
  8282 | D:6      | Learned a level 4 spell: Petrify
  8490 | D:7      | Found Bekkocwe's Specific Store.
  8493 | D:7      | Found Qotulo's General Store.
  9397 | D:7      | Killed Joseph
 10148 | D:8      | Noticed a two-headed ogre
 10162 | D:8      | Killed a two-headed ogre
 10268 | D:8      | Reached XP level 10. HP: 69/69 MP: 15/26
 10331 | D:8      | Noticed Pikel
 10431 | D:8      | Killed Pikel
 10551 | D:8      | Noticed Psyche
 10650 | D:8      | Reached skill level 10 in Translocations
 10895 | D:8      | Killed Psyche
 10896 | D:8      | Reached skill level 1 in Fighting
 11008 | D:8      | Noticed Gastronok
 11360 | D:8      | Killed Gastronok
 11503 | D:8      | Reached skill level 5 in Fighting
 12084 | D:9      | Noticed a two-headed ogre
 12095 | D:9      | Killed a two-headed ogre
 12446 | D:9      | Reached XP level 11. HP: 89/89 MP: 16/28
 12531 | D:9      | Noticed an angel
 13579 | D:9      | Found a staircase to the Orcish Mines.
 13883 | D:3      | Killed Crazy Yiuf
 14089 | D:10     | Entered Level 10 of the Dungeon
 14111 | D:10     | Reached skill level 10 in Spellcasting
 14225 | D:10     | Reached skill level 1 in Shields
 15418 | D:9      | Noticed a profane servitor
 15790 | D:11     | Noticed a two-headed ogre
 15796 | D:11     | Noticed Maurice
 15803 | D:11     | Killed a two-headed ogre
 16298 | D:11     | Noticed a centaur warrior
 16309 | D:11     | Killed a centaur warrior
 16530 | D:11     | Found a staircase to the Lair.
 16953 | D:11     | Noticed a two-headed ogre
 16954 | D:11     | Noticed Sonja
 16967 | D:11     | Killed a two-headed ogre
 16968 | D:11     | Killed Sonja
 17248 | D:11     | Killed Maurice
 17502 | D:12     | Noticed a deep elf pyromancer
 17518 | D:12     | Killed a deep elf pyromancer
 17519 | D:12     | Reached skill level 10 in Conjurations
 17800 | D:12     | Reached XP level 12. HP: 96/96 MP: 13/30
 17884 | D:12     | Found a transporter.
 17886 | D:12     | Found a transporter.
 17888 | D:12     | Noticed a stone giant
 18667 | D:12     | Found the +1 cloak of Starlight {*Dazzle EV+4 Stlth--}
 18732 | D:12     | Noticed Jingleheimer's ghost (journeyman OpTm)
 19110 | D:13     | Noticed a centaur warrior
 19119 | D:13     | Shot with an arrow by a centaur warrior

Illustrated notes

Levels and vault maps discovered:
D:1:      amcnicky_arrival_blooded_trapdoor, layout_rooms
D:2:      layout_basic
D:3:      layout_loops_ring, palyth_temple_overflow_mages,
          nicolae_hepliaklqana_hazy_memory, serial_shops, shop,
          hellmonk_ecumenical_altar_run_dry, kennysheep_doodads,
          uniq_crazy_yiuf_cottage
D:4:      layout_cave_pods, overflow_temple_1_default, minmay_misc_feat_tower
D:5:      layout_loops_ring, nicolae_ru_sacrificial_ziggurat
D:6:      layout_basic, general_overflow_altar,
          pdpol_wu_jian_five_deadly_venoms, minmay_temple_entry_wispy,
          nicolae_figureground_sparkle, uniq_maggie
D:7:      minmay_s_stair_smasher, layout_loops_ring, nicolae_eternal_life,
          nicolae_specific_store, uniq_joseph
D:8:      layout_basic, uniq_gastronok, uniq_pikel, uniq_psyche
D:9:      layout_rooms, grunt_temple_overflow_holy_war, erik_orc_2
D:10:     layout_irregular_city, hex_large, nicolae_wwwww
D:11:     layout_roguey, david_lair_shrubbed, uniq_sonja, uniq_maurice
D:12:     layout_basic, gammafunk_ghost_wrathful_warriors
D:13:     layout_roguey, grunt_vaults_entry_tiered,
          hangedman_abyss_or_decor_clamps

Skill      XL: |  1  2  3  4  5  6  7  8  9 10 11 12 |
---------------+-------------------------------------+-----
Spellcasting   | 2 3 4 5 8 9 10 | 10.0
Conjurations   | 4 5 6 10 | 10.2
Translocations | 1 4 5 9 10 | 10.1
Fighting       | 6 |  6.2
Shields        | 2 3 |  3.8
Dodging        | 3 |  3.2
Stealth        | |  1.7

Action                     |  1- 3 |  4- 6 |  7- 9 | 10-12 || total
---------------------------+-------+-------+-------+-------++-------
  Melee: Dagger            |    35 |       |       |       ||    35
         Hand axe          |       |    14 |    30 |       ||    44
         Punch             |       |     1 |     1 |       ||     2
         Spear             |       |       |    50 |   120 ||   170
   Cast: Magic Dart        |   109 |   100 |    26 |    21 ||   256
         Searing Ray       |       |     7 |    30 |    23 ||    60
         Iskenderun's Myst |       |       |    56 |   170 ||   226
    Use: Scroll            |     3 |       |       |    11 ||    14
         Potion            |       |       |     7 |     2 ||     9
   Stab: Sleeping          |       |       |     1 |       ||     1
 Armour: Robe              |    23 |       |       |       ||    23
         Ring mail         |     7 |    17 |    95 |    65 ||   184
  Dodge: Dodged            |    60 |    23 |    99 |    88 ||   270
  Block: Buckler           |       |       |     9 |    33 ||    42
